 Dungeon Sprint DCSS version 0.30-a0-1066-g63dfefce0d (webtiles) character file.

Game seed: 9895300294905086009

0 dduke234 the Poker (level 1, 0/14 HPs)
             Began as a Tengu Monk on Apr 12, 2023.
             Was an Initiate of Gozag.
             Succumbed to a scorpion's poison
             ... in the Dungeon (Sprint VI: "Thunderdome").
             The game lasted 00:00:41 (48 turns).

dduke234 the Poker (Tengu Monk)                       Turns: 48, Time: 00:00:42

Health: 0/14       AC:  2    Str: 11    XL:     1   Next: 50%
Magic:  2/2        EV: 13    Int: 10    God:    Gozag
Gold:   200        SH:  0    Dex: 16    Spells: 0/0 levels left

rFire   . . .      SeeInvis .    a - +0 spear
rCold   . . .      Faith    .    d - orb {light}
rNeg    . . .      Spirit   .    b - +0 robe
rPois   .          Reflect  .    (helmet restricted)
rElec   .          Rampage  .    (no cloak)
rCorr   .          NoTele   +    (no gloves)
Will    .....                    (boots unavailable)
Stlth   +                        (no amulet)
HPRegen 0.22/turn                (no ring)
MPRegen 0.08/turn                (no ring)

@: lethally poisoned (0 -> -24), gold aura, glowing
A: beak, talons 3
a: Renounce Religion, Potion Petition, Call Merchant, Bribe Branch


You were in the Dungeon.
You worshipped Gozag.
Gozag was aware of your devotion.
You visited 1 branch You collected 200 gold pieces.

Inventory:

Hand Weapons
 a - a +0 spear (weapon)
Armour
 b - a +0 robe (worn)
 d - an orb of light (worn)
Wands
 l - a wand of acid (5)
 m - a wand of roots (5)
Scrolls
 j - 4 scrolls of blinking
 n - 3 scrolls of fog
Potions
 c - a potion of ambrosia
 e - a potion of curing
 f - 2 potions of heal wounds
 g - 4 potions of haste
 h - 2 potions of magic
 i - a potion of berserk rage
 k - a potion of resistance


   Skills:
 * Level 3.5 Fighting
 + Level 3.6 Polearms
 * Level 0.9 Armour
 + Level 3.6 Dodging
 - Level 2.0 Stealth


You couldn't memorise any spells.
You didn't know any spells.
Your spell library was empty.

Dungeon Overview and Level Annotations

Branches:
Dungeon (1/1)

Altars:
Cheibriados
Dithmenos
Fedhas
Gozag
Makhleb
Okawaru
Qazlal
Ru
Sif Muna
Trog
Uskayaw
Wu Jian
Xom
Yredelemnul
Zin
The Shining One

Shops:
D ?**[(!!!!


Innate Abilities, Weirdness & Mutations

You have a beak for a mouth.
You have claws for feet.


Message History

You kill the worm!
Found a hide-covered altar of Uskayaw and a stormy altar of Qazlal.
You see here 45 gold pieces.
You hit the scorpion. You claw the scorpion.
The scorpion is heavily wounded.
The scorpion misses you.
You hit the scorpion.
You claw the scorpion, but do no damage.
You peck the scorpion.
The scorpion is heavily wounded.
The scorpion stings you!
Ouch! That really hurt!
* * * LOW HITPOINT WARNING * * *
You are lethally poisoned!
The scorpion poisons you!
You feel much better.
You feel very sick. The scorpion stings you.
You hit the scorpion but do no damage.
You peck the scorpion, but do no damage.
The scorpion is heavily wounded.
* * * LOW HITPOINT WARNING * * *
You feel sick. The scorpion stings you.
* * * LOW HITPOINT WARNING * * *
You are more poisoned.
The scorpion poisons you! The scorpion stings you.
* * * LOW HITPOINT WARNING * * *
You are more poisoned.
The scorpion poisons you!
Unknown command.
Unknown command.
Unknown command.
Unknown command.
You feel much better.
Ouch! That really hurt!
You feel extremely sick. The scorpion stings you.
You hit the scorpion but do no damage. You claw the scorpion.
The scorpion is almost dead.
You die...
Your body crumbles into a pile of gold.

._._...... #......__.∩#
........8. #.8........∩
..........###...........
....... #...###........
....... #.<.# #........
.......###...###........
..........###...........
.......$8.# #.8........∩
∩___...@..###.......__∩#
#####.8s........8.######
#⌠...........⌠#
###.........###
#_......._# #_......._#
#_......._# #∩.......∩#
##∩.....∩##


You could see a scorpion.

Vanquished Creatures
  A worm (D)
1 creature vanquished.

Notes
Turn   | Place    | Note
-------+----------+-------------------------------------------
     0 | D        | dduke234 the Tengu Monk began the quest for the Orb.
     0 | D        | Reached XP level 1. HP: 14/14 MP: 2/2
     3 | D        | Found a glowing golden altar of the Shining One.
     3 | D        | Found a blossoming altar of Fedhas.
     4 | D        | Found an ornate altar of the Wu Jian Council.
     4 | D        | Found an iron altar of Okawaru.
     5 | D        | Found an opulent altar of Gozag.
     5 | D        | Round 1.
     6 | D        | Found Qiti's Distillery.
     6 | D        | Found a shadowy altar of Dithmenos.
     6 | D        | Found Wusch's Do-It-Yourself Clinic.
     7 | D        | Found Raprex's Distillery.
     7 | D        | Found Novvunes's Bottled Wisdom.
    14 | D        | Found a snail-covered altar of Cheibriados.
    19 | D        | Became a worshipper of Gozag Ym Sagoz the Greedy
    24 | D        | Found a sacrificial altar of Ru.
    24 | D        | Found Peileocw's Weapon Rack.
    26 | D        | Found a shimmering blue altar of Sif Muna.
    26 | D        | Found a glowing silver altar of Zin.
    26 | D        | Found a basalt altar of Yredelemnul.
    26 | D        | Found Nubb's Premium Goods.
    28 | D        | Found Jelomah's Basic Armour.
    28 | D        | Found Pupt's Miscellaneous Merchandise.
    32 | D        | Found a shimmering altar of Xom.
    34 | D        | Found a bloodstained altar of Trog.
    36 | D        | Found a burning altar of Makhleb.
    37 | D        | Found Qeschomp's Identification Station.
    37 | D        | Noticed a scorpion
    41 | D        | Found a hide-covered altar of Uskayaw.
    41 | D        | Found a stormy altar of Qazlal.
    48 | D        | Succumbed to a scorpion's poison

Illustrated notes

Levels and vault maps discovered:
D:        arena_sprint

Action                     || total
---------------------------++-------
  Melee: Spear             ||     7
         Kick              ||     5
         Peck              ||     3
    Use: Potion            ||     2
  Dodge: Dodged            ||     2

Table legend: (Time is in decaauts)
 A = Elapsed time spent in this place.
 B = Non-inter-level travel time spent in this place.
 C = Inter-level travel time spent in this place.
 D = Time resting spent in this place.
 E = Time spent auto-exploring this place.
 F = Levels seen in this place.
 G = Mean time per level.
                   A        B        C        D        E       F      G
               +--------+--------+--------+--------+--------+-----+--------+
         Total |     47 |     47 |      0 |      0 |      0 |   1 |   47.0 |
       Dungeon |     47 |     47 |      0 |      0 |      0 |   1 |   47.0 |
               +--------+--------+--------+--------+--------+-----+--------+

Top non-repeatable levels by time:
       D: 47 daAuts
